 Dungeon Crawl Stone Soup version 0.29-a0-275-g389c0b56f3 (webtiles) character file.

Game seed: 17171566416547702020

291 spaghetti the Cudgeller (level 6, -3/62 HPs)
             Began as an Ogre Chaos Knight on Mar 12, 2022.
             Was a Plaything of Xom.
             Slain by a goblin
             ... wielding a +0 club
              (4 damage)
             ... on level 3 of the Dungeon.
             The game lasted 00:03:40 (2468 turns).

spaghetti the Cudgeller (Ogre Chaos Knight)         Turns: 2468, Time: 00:03:40

Health: -3/62      AC:  6    Str: 19    XL:     6   Next: 32%
Magic:  6/6        EV:  9    Int: 11    God:    Xom [......]
Gold:   186        SH:  0    Dex:  8    Spells: 5/5 levels left

rFire   . . .      SeeInvis .   k - +2 spear (freeze) {polearm}
rCold   . . .      Faith    .   (no shield)
rNeg    . . .      Spirit   .   b - +2 robe
rPois   .          Reflect  .   (helmet restricted)
rElec   +          Harm     .   f - +0 cloak
rCorr   .          Rampage  .   (gloves unavailable)
Will    .....                   (boots unavailable)
Stlth   +.........              (no amulet)
HPRegen 0.20/turn               (no ring)
MPRegen 0.10/turn               (no ring)

@: no status effects
A: large, unfitting armour, tough skin 1, antennae 1, dopey 1, electricity
resistance
a: Renounce Religion


You were on level 3 of the Dungeon.
You worshipped Xom.
You were a very special plaything of Xom.
You visited 1 branch of the dungeon, and saw 3 of its levels.

You collected 186 gold pieces.


Innate Abilities, Weirdness & Mutations

You are too large for most types of armour.
You have tough skin. (AC +1)
You have a pair of small antennae on your head.
You are dopey. (Int -2)
You are resistant to electric shocks. (rElec)


   Skills:
 - Level 4.0 Fighting
 + Level 6.3 Maces & Flails
 - Level 2.1 Dodging


You had 5 spell levels left.
You didn't know any spells.
Your spell library was empty.

Inventory:

Hand Weapons
 a - a +1 mace of chaos {mace}
 k - a +2 spear of freezing (weapon) {polearm}
   (You found it on level 3 of the Dungeon)
Missiles
 e - 98 stones {throwing}
 g - 2 poisoned darts {throwing}
Armour
 b - a +2 robe (worn)
 f - a +0 cloak (worn)
   (You found it on level 2 of the Dungeon)
Jewellery
 d - a ring of magical power
   (You found it on level 1 of the Dungeon)
Scrolls
 i - 2 scrolls of identify {@r1}
Potions
 j - a potion of attraction {!q}
Miscellaneous
 c - a piece from Xom's chessboard (inert) (quivered)

Dungeon Overview and Level Annotations

Branches:
Dungeon (3/15)

Altars:
Xom

.....# #.# #.....# .....#
#.#############.#...#
.....#####........[...)#.#...#
.........................+.>.#
####.#################†#.#...#
#.# **,,...## #.#.##### #.#
*,,###..# #.#.# #.#
***,##S##.###.#.# #.#
**,,,#Jg@#...#.#'########
####.##
*,,**##h####....)........
......#
*,*#$#ggg#.##............
......#
*,#$$'.gg).gg............
......#
*,##$#...#†##.........)..
......#
*,,####'####.............
......#
**,,,#...#...#...........
......#
***,##.##.####..........
####'## *,,###..* #..........


You could see a wolf, an endoplasm (summoned), 4 hobgoblins, 2 goblins and a
ball python (summoned).


Message History

You hit the hobgoblin. You freeze the hobgoblin.
The hobgoblin hits you. 😕 HP[-2]
You take 2 damage, and now have 49/62 hp.
You hit the hobgoblin but do no damage. "First here, now there."
You swap places with the goblin.
Some monsters swap places.
The wolf barely misses you. The hobgoblin hits you.
The wolf bites you. 😕 HP[-2]
You take 2 damage, and now have 47/62 hp.
You open the door. The wolf bites you! The hobgoblin completely misses you.
The wolf bites you!
* * * LOW HITPOINT WARNING * * *
😨 HP[-18]
You take 18 damage, and now have 29/62 hp.
MASSIVE DAMAGE!! (PAUSE)
The hobgoblin attacks as you move away! The hobgoblin barely misses you.
The hobgoblin attacks as you move away! The hobgoblin completely misses you.
The wolf attacks as you move away! The wolf bites you but does no damage.
The hobgoblin hits you but does no damage.
The wolf bites you but does no damage.
There is an open door here.
The hobgoblin attacks as you move away! The hobgoblin barely misses you.
The wolf attacks as you move away! The wolf closely misses you.
You feel better. The hobgoblin misses you. 😮 HP[+8]
You regained 8 hp, and now have 37/62 hp.
Okay, then.
Okay, then.
You barely miss the hobgoblin.
The hobgoblin closely misses you. 😮 HP[+1]
You barely miss the hobgoblin. The hobgoblin barely misses you. x2
You closely miss the hobgoblin. The hobgoblin hits you.
The hobgoblin hits you but does no damage. 😮 HP[-1]
You take 1 damage, and now have 37/62 hp.
You hit the hobgoblin. You freeze the hobgoblin.
You kill the hobgoblin!
You barely miss the hobgoblin. The hobgoblin closely misses you.
The goblin hits you but does no damage. 😮 HP[+1]
Okay, then.
You hit the hobgoblin. You freeze the hobgoblin. The hobgoblin hits you.
The goblin hits you but does no damage. 😮 HP[-4]
You take 4 damage, and now have 34/62 hp.
You closely miss the hobgoblin. Your punch misses the hobgoblin.
The hobgoblin closely misses you. The goblin hits you but does no damage.
You hit the hobgoblin but do no damage. The hobgoblin closely misses you.
The goblin hits you with a +0 club. 😮 HP[-2]
You take 2 damage, and now have 32/62 hp.
You hit the hobgoblin. You freeze the hobgoblin.
You kill the hobgoblin!
You barely miss the wolf. The wolf barely misses you.
The goblin hits you but does no damage. 😮 HP[+1]
You miss the wolf. The wolf bites you but does no damage.
The goblin hits you but does no damage. The wolf bites you but does no damage.
The goblin hits you but does no damage.
You miss the wolf. The wolf bites you!
* * * LOW HITPOINT WARNING * * *
The wolf bites you.
* * * LOW HITPOINT WARNING * * *
The goblin barely misses you. 😨 HP[-12]
You take 12 damage, and now have 21/62 hp.
Unknown command.
You hit the wolf. You freeze the wolf. The wolf bites you.
* * * LOW HITPOINT WARNING * * *
The wolf barely misses you. The goblin hits you with a +0 club.
* * * LOW HITPOINT WARNING * * *
😱 HP[-6]
You take 6 damage, and now have 15/62 hp.
You hit the wolf. You freeze the wolf. The wolf barely misses you.
The wolf bites you.
* * * LOW HITPOINT WARNING * * *
The goblin hits you but does no damage. 😱 HP[-6]
You take 6 damage, and now have 9/62 hp.
You hit the wolf.
You freeze the wolf. "Time to have some fun!"
The wolf bites you.
* * * LOW HITPOINT WARNING * * *
The goblin barely misses you. The wolf bites you but does no damage.
Okay, then.
Okay, then.
You completely miss the wolf. The wolf bites you!
* * * LOW HITPOINT WARNING * * *
The goblin hits you but does no damage.
The ball python bites you but does no damage.
The wolf closely misses you. 😱 HP[-8]
You take 8 damage, and now have 1/62 hp.
Unknown command.
Okay, then.
You closely miss the wolf. The wolf barely misses you.
The ball python bites you but does no damage.
The goblin hits you with a +0 club.
You die...

Skill      XL: |  1  2  3  4 |
---------------+-------------+-----
Maces & Flails | 3 4 6 |  6.3
Fighting       | |  4.0
Dodging        | |  2.1

Action                   |  1- 3 |  4- 6 || total
-------------------------+-------+-------++-------
Melee: Mace              |    98 |    14 ||   112
       Punch             |     2 |       ||     2
       Spear             |       |    58 ||    58
Evoke: Piece from Xom's  |    17 |     9 ||    26
  Use: Scroll            |     3 |     3 ||     6
       Potion            |     4 |     1 ||     5
 Stab: Paralysed         |     2 |     5 ||     7
       Petrifying        |     2 |       ||     2
Armor: Robe              |    44 |    36 ||    80
Dodge: Dodged            |    56 |    46 ||   102

Levels and vault maps discovered:
D:1:      heliophobic_arrival_glass_houses, layout_rooms,
          chequers_ecumenical_altar_twisty
D:2:      layout_basic
D:3:      cheibrodos_greedy_goblins, layout_basic, uniq_sigmund, uniq_terence

Notes
Turn   | Place    | Note
-------+----------+-------------------------------------------
     0 | D:1      | spaghetti the Ogre Chaos Knight began the quest for the
                  | Orb.
     0 | D:1      | Reached XP level 1. HP: 24/24 MP: 1/1
     0 | D:1      | magus.rc [v1.9.6]
    67 | D:1      | Reached skill level 3 in Maces & Flails
   142 | D:1      | XOM: silly message
   220 | D:1      | Reached XP level 2. HP: 32/32 MP: 2/2
   407 | D:1      | XOM: god gift: grey potion {god gift}
   585 | D:1      | Reached XP level 3. HP: 39/39 MP: 3/3
   795 | D:1      | Found a faded altar of an unknown god.
   936 | D:1      | XOM: scenery: create altars
   959 | D:2      | XOM: scenery: 2 doors open
  1231 | D:2      | Reached skill level 4 in Maces & Flails
  1466 | D:2      | Gained mutation: You have a pair of small antennae on your
                  | head. [potion of mutation]
  1466 | D:2      | Gained mutation: You are dopey. (Int -2) [potion of
                  | mutation]
  1466 | D:2      | Gained mutation: You are resistant to electric shocks.
                  | (rElec) [potion of mutation]
  1833 | D:3      | XOM: smoke on damage
  1840 | D:3      | Reached XP level 4. HP: 35/48 MP: 4/4
  1989 | D:3      | Noticed Sigmund
  1999 | D:3      | Killed Sigmund
  2000 | D:3      | Reached skill level 6 in Maces & Flails
  2000 | D:3      | Reached XP level 5. HP: 54/54 MP: 5/5
  2000 | D:3      | Reached XP level 6. HP: 62/62 MP: 6/6
  2039 | D:3      | XOM: scenery: summon butterflies
  2349 | D:3      | Noticed Terence
  2351 | D:3      | XOM: divination: detect creatures
  2359 | D:3      | Killed Terence
  2441 | D:3      | XOM: polymorph goblin -> wolf
  2442 | D:3      | XOM: scenery: 1 doors open, 2 doors close
  2447 | D:3      | XOM: swap monsters
  2464 | D:3      | HP: 15/62 [goblin/+0 club (4)]
  2466 | D:3      | XOM: summons 2 hostile shadow creatures
  2467 | D:3      | HP: 1/62 [wolf (8)]
  2468 | D:3      | Slain by a goblin

Vanquished Creatures
  Sigmund (D:3)
  Terence (D:3)
  An orc wizard (D:3)
  An adder (D:3)
  A shadow imp (D:3)
  3 dart slugs
  2 orcs (D:3)
  5 ball pythons
  7 endoplasms
  3 giant cockroaches
  9 hobgoblins
  4 kobolds
  4 quokkas
  4 bats
  5 goblins
  A rat (D:3)
52 creatures vanquished.

Table legend:
 A = Non-vault XP
 B = Vault XP
 C = Vault XP percentage of total XP
 D = Non-vault monster count
 E = Vault monster count
 F = Vault count percentage of total count
                 A         B        C        D         E       F
            +---------+---------+-------+---------+---------+-------
      Total |     141 |     275 |  66.1 |      44 |       8 |  15.4
            +---------+---------+-------+---------+---------+-------
        D:1 |      41 |       0 |   0.0 |      20 |       0 |   0.0
        D:2 |      20 |       0 |   0.0 |      10 |       0 |   0.0
        D:3 |      80 |     275 |  77.5 |      14 |       8 |  36.4
            +---------+---------+-------+---------+---------+-------

Illustrated notes

Table legend:
 A = Kills in this place as a percentage of kills in entire the game.
 B = Kills by you in this place as a percentage of kills by you in the entire game.
 C = Kills by friends in this place as a percentage of kills by friends in the entire game.
 D = Other kills in this place as a percentage of other kills in the entire game.
 E = Experience gained in this place as a percentage of experience gained in the entire game.
 F = Experience gained in this place divided by the number of levels of this place that you have seen.
                   A       B       C       D       E      F
               +-------+-------+-------+-------+-------+----------------------
         Total | 100.0 | 100.0 |   N/A |   N/A | 100.0 | 138.7
       Dungeon | 100.0 | 100.0 |   N/A |   N/A | 100.0 | 138.7
               +-------+-------+-------+-------+-------+----------------------

Table legend: (Time is in decaauts)
 A = Elapsed time spent in this place.
 B = Non-inter-level travel time spent in this place.
 C = Inter-level travel time spent in this place.
 D = Time resting spent in this place.
 E = Time spent auto-exploring this place.
 F = Levels seen in this place.
 G = Mean time per level.
                   A        B        C        D        E       F      G
               +--------+--------+--------+--------+--------+-----+--------+
         Total |   2496 |   2456 |     40 |    328 |   1675 |   3 |  832.0 |
       Dungeon |   2496 |   2456 |     40 |    328 |   1675 |   3 |  832.0 |
               +--------+--------+--------+--------+--------+-----+--------+

Top non-repeatable levels by time:
     D:1: 952 daAuts
     D:3: 868 daAuts
     D:2: 675 daAuts
